 Dungeon Crawl Stone Soup version 0.23-a0-539-g3f6f39f (webtiles) character file.

308333 iamserjio the Spry (level 21, -2/153 HPs)
             Began as an Octopode Wanderer on Dec 6, 2018.
             Was the Champion of Makhleb.
             Slain by Xtahua (4 damage)
             ... while paralysed by Xtahua
             ... on level 2 of the Vaults on Dec 7, 2018.
             The game lasted 02:19:01 (46513 turns).

iamserjio the Spry (Octopode Wanderer)             Turns: 46513, Time: 02:19:02

Health: -2/153     AC:  6    Str: 19    XL:     21   Next: 20%
Magic:  0/33       EV:  2    Int: 16    God:    Makhleb [******]
Gold:   3675       SH:  0    Dex: 19    Spells: 3/37 levels left

rFire    + + .     SeeInvis .   Z - +6 scimitar (flame)
rCold    . . .     Gourm    .   p - +0 buckler
rNeg     + . .     Faith    .   E - +2 hat
rPois    +         Spirit   +   w - amulet of guardian spirit
rElec    .         Reflect  .   m - +4 ring of strength
rCorr    +         Harm     .   D - +4 ring of evasion
MR       ++...                  h - ring of Qell {rF+ rC- rN+ EV+3}
Stlth    +++++++...             g - ring of protection from magic
HPRegen  0.35/turn              Y - ring of Omexay {rCorr rPois rF+ Dex+3}
MPRegen  0.23/turn              t - +3 ring of protection
                                P - +2 ring of evasion
                                N - ring of protection from cold

@: paralysed, singing, studying Hexes
A: almost no armour, stealthy swim, amphibious, 8 rings, constrict 8, camouflage
1, gelatinous body 1
}: 2/15 runes: decaying, gossamer
a: Minor Destruction, Lesser Servant of Makhleb, Major Destruction, Greater
Servant of Makhleb, Renounce Religion


You were on level 2 of the Vaults.
You worshipped Makhleb.
Makhleb was exalted by your worship.
You were hungry.

You visited 7 branches of the dungeon, and saw 36 of its levels.
You visited the Abyss 1 time.
You visited 1 bazaar.
You also visited: Ossuary and Ice Cave.

You collected 6800 gold pieces.
You spent 3125 gold pieces at shops.

Inventory:

Hand Weapons
 e - the +4 dagger "Plog" {venom, Stlth+}
   (You bought it in a shop on level 2 of the Orcish Mines)

   It poisons the flesh of those it strikes.
   It makes you more stealthy.
 Z - a +6 scimitar of flaming (weapon)
Missiles
 a - 6 throwing nets (quivered) {!f}
Armour
 p - a +0 buckler (worn)
 y - a +2 large shield of protection
 E - a +2 hat (worn)
Magical Staves
 U - an uncursed staff of wizardry
Jewellery
 g - a ring of protection from magic (on tentacle)
 h - the ring of Qell (on tentacle) {rF+ rC- rN+ EV+3}
   (You found it in an ice cave)

   [ring of evasion]

   It affects your evasion (+3).
   It protects you from fire.
   It makes you vulnerable to cold.
   It protects you from negative energy.
 m - a +4 ring of strength (left tentacle)
 t - a +3 ring of protection (on tentacle)
 v - an uncursed ring of ice
 w - an amulet of guardian spirit (around mantle)
 z - an uncursed ring of wizardry
 D - a +4 ring of evasion (right tentacle)
 K - an uncursed ring of protection from fire
 N - a ring of protection from cold (on tentacle)
 P - a +2 ring of evasion (on tentacle)
 V - an uncursed amulet of regeneration
 Y - the ring of Omexay (on tentacle) {rCorr rPois rF+ Dex+3}
   (You found it on level 11 of the Dungeon)

   [ring of resist corrosion]

   It affects your dexterity (+3).
   It protects you from fire.
   It protects you from poison.
Wands
 d - a wand of acid (5)
 j - a wand of enslavement (26)
 L - a wand of paralysis (29)
 R - a wand of disintegration (19)
 T - a wand of scattershot (3)
 W - a wand of iceblast (26)
Scrolls
 b - 5 scrolls of teleportation
 i - 3 scrolls of magic mapping
 l - 15 scrolls of remove curse {@r2}
 o - 6 scrolls of enchant armour
 r - 11 scrolls of fog
 F - 2 scrolls of blinking
 G - 8 scrolls of fear
 M - 5 scrolls of identify {@r1}
 Q - a scroll of holy word
 X - a scroll of silence
Potions
 c - 13 potions of curing {@q1}
 k - 13 potions of mutation
 n - 3 potions of magic
 q - 3 potions of ambrosia
 u - a potion of might
 x - 2 potions of brilliance
 B - 7 potions of haste
 C - a potion of cancellation
 H - 4 potions of heal wounds
 J - 5 potions of lignification
Books
 O - a manual of Hexes
Miscellaneous
 s - a phial of floods
 A - a box of beasts
 I - 2 phantom mirrors
 S - 4 sacks of spiders
Comestibles
 f - 44 rations


   Skills:
 + Level 16.0 Fighting
 - Level 1.4(9.4) Short Blades
 - Level 13.9(14.0) Long Blades
 + Level 16.8 Dodging
 - Level 14.1 Stealth
 + Level 14.1 Shields
 + Level 8.5 Spellcasting
 + Level 4.2 Hexes
 - Level 5.0 Charms
 - Level 1.0 Summonings
 - Level 8.0 Necromancy
 - Level 3.1 Translocations
 - Level 1.0 Transmutations
 * Level 5.2 Air Magic
 - Level 9.0 Earth Magic
 - Level 5.0 Invocations
 - Level 12.0 Evocations


You had 3 spell levels left.
You knew the following spells:

 Your Spells              Type           Power        Failure   Level  Hunger
a - Animate Skeleton      Necr           N/A          1%          1    None
b - Apportation           Tloc           ###...       3%          1    None
c - Shadow Creatures      Summ           N/A          100%        6    ######.
d - Song of Slaying       Chrm           ###.....     1%          2    None
e - Blink                 Tloc           N/A          4%          2    None
f - Passwall              Tmut/Erth      ###.....     1%          2    None
g - Silence               Hex/Air        ###.......   38%         5    #####..
i - Animate Dead          Necr           N/A          4%          4    ###....
j - Borgnjor's Vile Clut  Necr/Erth      ####......   9%          5    #####..
k - Deflect Missiles      Chrm/Air       ###.......   90%         6    ######.

Your spell library contained the following spells:

 Spells                   Type           Power        Failure   Level  Hunger
 Confusing Touch          Hex            ###...       1%          1    None
 Infusion                 Chrm           ###.         1%          1    None
 Sandblast                Erth           #####.       1%          1    None
 Slow                     Hex            ###.....     2%          2    None
 Shroud of Golubria       Chrm/Tloc      ###.......   3%          2    None
 Spectral Weapon          Hex/Chrm       ###.....     4%          3    #......
 Stone Arrow              Conj/Erth      ###...       4%          3    #......
 Confuse                  Hex            ###.....     5%          3    #......
 Beastly Appendage        Tmut           ##....       7%          1    None
 Summon Small Mammal      Summ           ##..         7%          1    None
 Ensorcelled Hibernation  Hex/Ice        ##....       7%          2    None
 Portal Projectile        Hex/Tloc       ###...       7%          3    #......
 Gell's Gravitas          Tloc           ###.......   9%          3    #......
 Lesser Beckoning         Tloc           ###.......   9%          3    #......
 Teleport Other           Tloc           ###.....     9%          3    #......
 Magic Dart               Conj           #...         11%         1    None
 Call Imp                 Summ           ##......     11%         2    None
 Sticks to Snakes         Tmut           ##......     11%         2    None
 Dazzling Spray           Conj/Hex       ##....       13%         3    #......
 Recall                   Summ/Tloc      N/A          14%         3    #......
 Searing Ray              Conj           #.....       16%         2    None
 Throw Flame              Conj/Fire      #.....       16%         2    None
 Mephitic Cloud           Conj/Pois/Air  ##......     16%         3    #......
 Spider Form              Tmut/Pois      #.........   26%         3    #......
 Conjure Flame            Conj/Fire      #.......     32%         3    #......
 Lee's Rapid Deconstruct  Erth           #####.....   7%          5    #####..
 Petrify                  Tmut/Erth      ###.....     14%         4    ###....
 Cause Fear               Hex            ###.......   19%         4    ###....
 Excruciating Wounds      Chrm/Necr      ####......   21%         5    #####..
 Passage of Golubria      Tloc           N/A          30%         4    ###....
 Fulminant Prism          Conj/Hex       ##........   41%         4    ###....
 Force Lance              Conj/Tloc      ##......     50%         4    ###....
 Bolt of Draining         Conj/Necr      ###.......   50%         5    #####..
 Death Channel            Necr           ####......   52%         6    ######.
 Ice Form                 Ice/Tmut       #.......     65%         4    ###....
 Bolt of Magma            Conj/Fire/Erth ###.......   65%         5    #####..
 Yara's Violent Unravell  Hex/Tmut       ###.......   69%         5    #####..
 Iskenderun's Mystic Bla  Conj           #.......     71%         4    ###....
 Iskenderun's Battlesphe  Conj/Chrm      ##......     71%         5    #####..
 Lightning Bolt           Conj/Air       ###.......   71%         5    #####..
 Metabolic Englaciation   Hex/Ice        ##........   77%         5    #####..
 Blade Hands              Tmut           ##........   89%         5    #####..
 Iron Shot                Conj/Erth      ###.......   95%         6    ######.
 Venom Bolt               Conj/Pois      #.........   96%         5    #####..
 Darkness                 Hex            ###.......   96%         6    ######.
 Simulacrum               Ice/Necr       ###.......   97%         6    ######.
 Dispersal                Tloc           ###.......   99%         6    ######.
 Bolt of Cold             Conj/Ice       #.........   100%        6    ######.
 Freezing Cloud           Conj/Ice/Air   ##........   100%        6    ######.
 Ozocubu's Refrigeration  Ice            #.........   100%        6    ######.
 Orb of Destruction       Conj           #.........   100%        7    #######
 Spellforged Servitor     Conj/Summ      #.........   100%        7    #######
 Controlled Blink         Tloc           N/A          100%        8    #######
 Discord                  Hex            ###.......   100%        8    #######
 Disjunction              Tloc           ###.......   100%        8    #######
 Ignition                 Fire           #.........   100%        8    #######


Dungeon Overview and Level Annotations

Branches:
Dungeon (15/15)            Temple (0/1) D:6            Lair (6/6) D:8
  Swamp (4/4) Lair:2       Spider (4/4) Lair:4        Slime (0/5) Lair:5
    Orc (2/2) D:12            Elf (3/3) Orc:2        Vaults (2/5) D:14
 Depths (0/5) D:15
  Crypt: Vaults:2-3

Altars:
Ashenzari
Dithmenos
Elyvilon
Fedhas
Hepliaklqana
Makhleb
Nemelex Xobeh
Ru
Uskayaw
Xom
Zin
The Shining One
Beogh

Shops:
Orc:2 %[(=   Elf:1 *

Annotations:
Vaults:2 Xtahua


Innate Abilities, Weirdness & Mutations

You cannot wear most types of armour.
You are very stealthy in the water. (Stealth+)
You are amphibious.
You can wear up to eight rings at the same time.
You can use your tentacles to constrict eight enemies at once.
Your skin changes colour to match your surroundings (Stealth+).
Your rubbery body absorbs attacks. (AC +1, EV +1)


Message History

Xtahua breathes flames at you.
Helpless, you fail to dodge the searing blast.
You resist.
The zombie hands constrict the ogre mage!
The zombie hands release their grip on the ogre mage.
The lich touches you but does no damage.
Xtahua rumbles, "YOU LOOK DELICIOUS."
Xtahua bites you but does no damage. Xtahua claws you! Xtahua tramples you!
You are shoved backwards!
The orc knight roars a battlecry!
Xtahua bites you!!
* * * LOW HITPOINT WARNING * * *
Xtahua claws you but does no damage. Xtahua tramples you!!
* * * LOW HITPOINT WARNING * * *
You are shoved backwards!
The lich points at you and mumbles some strange words.
You easily resist.
Xtahua bites you!!
* * * LOW HITPOINT WARNING * * *
Xtahua claws you.
You die...

C.Z.......... .o(uuu.p.....
..(.......... ...Zu).......
.......
....(.....###########......#
....c.....#.......).#......#
..........#.......))#......#
..........#.....)ยง..#......#
#####.....#....L@)..#......#
..#.....#....D....#......######
..#.....#...u.....#......'.#.#.
...#.....#..o......#......##.#.#
o##z########......#.#.#.
...O.cOp.ooD..........##.#..
....OGuO..e...........#.#...
......OO..............#..#..
###'##...#########....#.#...


You could see Xtahua, a lich, an orc knight, a great orb of eyes, 2 ugly things,
a skeletal warrior, an ogre mage, a vault sentinel, a yaktaur and an ogre.

Vanquished Creatures
  Arachne (Spider:3)
  A bone dragon (Swamp:4)
  2 deep elf master archers (Elf:3)
  3 deep elf blademasters
  A sphinx (Vaults:1)
  Kirke (Swamp:2)
  2 thorn hunters
  The ghost of Lihy the Peltast, an adept MiFi of the Shining One (Spider:3)
  3 ghost moths
  9 deep elf sorcerers
  An orc warlord (Orc:2)
  2 deep elf elementalists (Elf:3)
  2 ironheart preservers
  2 vault wardens
  7 emperor scorpions
  2 stone giants (Vaults:2)
  4 entropy weavers
  A dire elephant (D:15)
  5 deep elf annihilators
  2 spark wasps
  9 deep elf demonologists
  Azrael (Elf:1)
  4 deep elf death magi (Elf:3)
  A fire dragon (Vaults:1)
  The ghost of Jaybu the Carver, a journeyman MiFi of Okawaru (D:12)
  A deep elf high priest (Elf:1)
  3 ice dragons
  Erolcha (Orc:2)
  Harold (D:8)
  2 shambling mangroves (Swamp:3)
  11 hydras
  Erica (D:9)
  4 ghost crabs
  11 alligators
  2 catoblepae
  4 centaur warriors
  20 dancing weapons
  5 ogre magi
  18 two-headed ogres
  3 orc high priests
  A shock serpent (shapeshifter) (D:15)
  26 deep elf knights
  4 skeletal warriors (Vaults:2)
  2 death drakes
  A spriggan druid (Swamp:4)
  A flayed ghost (Vaults:1)
  5 spectral hydras
  10 deep elf archers
  4 swamp dragons
  A wizard (D:14)
  6 orc knights
  9 orb spiders
  A harpy (Spider:4)
  4 ironbrand convokers
  4 phantasmal warriors
  A wolf spider zombie (D:15)
  A harpy (shapeshifter) (D:13)
  22 wolf spiders
  A necromancer (Swamp:2)
  3 orc sorcerers
  22 ugly things
  3 manticores
  5 oklob plants (Lair:2)
  49 deep elf magi
  A moth of wrath (Spider:4)
  2 salamanders
  6 cyclopes
  6 elephants (Lair:6)
  2 centaur zombies
  A guardian serpent (Spider:4)
  2 black mambas
  2 torpor snails
  2 ice statues (IceCv)
  3 vault sentinels
  A gargoyle (D:14)
  A rime drake (shapeshifter) (Vaults:1)
  11 komodo dragons
  21 spiny frogs
  A centaur skeleton (D:14)
  4 freezing wraiths (D:12)
  7 swamp worm zombies
  3 yaktaurs
  16 demonic crawlers
  2 kobold demonologists
  8 rime drakes
  A hydra zombie (Swamp:4)
  A tengu conjurer (D:12)
  3 meliai (D:13)
  8 trolls
  21 jumping spiders
  18 hornets
  5 tyrant leeches
  A polar bear (Lair:6)
  11 blink frogs
  23 slime creatures
  7 hippogriffs
  2 dream sheep (Lair:6)
  3 alligator zombies (Swamp:2)
  A hippogriff (shapeshifter) (D:15)
  A meliai zombie (D:11)
  16 bog bodies
  A human simulacrum (Vaults:1)
  4 spectral swamp dragons
  6 wraiths
  2 air elementals
  4 shadows
  A water elemental (Elf:3)
  65 redbacks
  33 yaks
  Sigmund (D:3)
  A small abomination (Abyss:2)
  A human (shapeshifter) (Vaults:2)
  A yak (shapeshifter) (Elf:3)
  21 tarantellas
  3 tyrant leech zombies (Swamp:2)
  6 fire elementals
  3 basilisks
  3 hogs (Swamp:2)
  3 spriggans
  8 wyverns
  Eustachio (D:4)
  4 fire bats
  4 hungry ghosts
  17 vampire mosquitoes
  Menkaure (Ossuary)
  2 soldier ants (D:12)
  12 swamp worms
  Edmund (D:5)
  6 spiny frog zombies (Swamp:2)
  A warg (Orc:2)
  16 insubstantial wisps
  2 hell hounds
  5 water moccasins
  5 porcupines
  5 sky beasts
  10 swamp drakes
  24 ice beasts
  10 phantoms
  41 orc warriors
  A black bear (Lair:5)
  19 ogres
  An ettin simulacrum (Vaults:2)
  5 swamp dragon zombies (Swamp:4)
  51 wolves
  4 boggarts (Vaults:1)
  10 centaurs
  A crocodile (shapeshifter) (D:13)
  7 crocodiles
  2 big kobolds
  22 bullfrogs
  2 wyvern zombies
  A glowing shapeshifter simulacrum (Vaults:2)
  3 earth elementals
  2 troll zombies (Swamp:2)
  3 scorpions
  A water moccasin skeleton (D:8)
  An orc simulacrum (Vaults:1)
  7 wights (D:9)
  8 killer bees
  2 howler monkeys
  3 electric eels
  7 crimson imps
  2 bullfrog zombies (D:7)
  2 lava snakes (D:14)
  A quasit (D:8)
  3 hounds
  4 jellies
  5 bullfrog skeletons
  24 orc priests
  Crazy Yiuf (D:7)
  34 orc wizards
  An iron imp (Orc:1)
  3 spectral swamp drakes (Swamp:4)
  6 worker ants
  A howler monkey zombie (D:6)
  2 mummies (Ossuary)
  3 worker ant zombies
  Robin (D:2)
  4 gnolls (D:3)
  11 adders
  A swamp drake zombie (Swamp:4)
  7 shadow imps
  A white imp (Orc:1)
  4 oozes
  4 adder skeletons
  An adder zombie (D:5)
  4 worms
  7 leopard geckos
  128 orcs
  4 giant cockroaches
  3 gnoll zombies (Ossuary)
  18 goblins
  6 hobgoblins
  20 jackals
  14 kobolds
  6 quokkas
  2 ball pythons (D:5)
  6 bats
  3 frilled lizards
  4 gnoll skeletons (Ossuary)
  4 goblin skeletons (Ossuary)
  7 goblin zombies (Ossuary)
  A hobgoblin skeleton (Ossuary)
  A hobgoblin zombie (Ossuary)
  A jackal zombie (D:5)
  3 kobold skeletons (Ossuary)
  2 kobold zombies (Ossuary)
  4 orc skeletons (Ossuary)
  An orc zombie (Ossuary)
  A quokka zombie (D:8)
  7 rats
  5 rat skeletons (Ossuary)
  A rat zombie (Ossuary)
  A briar patch (Swamp:4)
  2 fire vortices (D:14)
  A fungus (Lair:6)
  5 plants
  A withered plant (Swamp:2)
1461 creatures vanquished.

Vanquished Creatures (collateral kills)
  A frost giant (Vaults:2)
  A deep elf sorcerer (Elf:3)
  A deep elf elementalist (Elf:3)
  A deep elf death mage (Elf:3)
  3 hydras
  A ghost crab (Swamp:3)
  A merfolk avatar (Lair:6)
  2 two-headed ogres (Vaults:2)
  An unseen horror (D:14)
  An orb spider (Spider:4)
  5 wolf spiders
  A manticore (Lair:6)
  A moth of wrath (Spider:4)
  2 elephants (Lair:6)
  A centaur zombie (D:11)
  A black mamba (Lair:5)
  A demonic crawler (Spider:4)
  A spiny frog (Swamp:4)
  A rime drake (Lair:6)
  A swamp worm zombie (Swamp:4)
  A komodo dragon (D:15)
  2 polar bears (Lair:6)
  A hornet (Spider:4)
  2 slime creatures (Vaults:2)
  A spectral swamp dragon (Swamp:4)
  3 blink frogs (Lair:6)
  2 dream sheep (Lair:6)
  A spriggan (Swamp:4)
  2 tarantellas (Spider:1)
  3 redbacks
  A fire bat (D:14)
  4 yaks
  2 insubstantial wisps (Swamp:4)
  A water moccasin (Lair:6)
  2 orc warriors (Orc:2)
  2 swamp drakes
  2 ice beasts (Lair:4)
  6 wolves
  2 crocodiles (Lair:4)
  A bullfrog (Lair:6)
  A kobold (D:15)
  2 butterflies (Lair:3)
  9 fungi
  5 plants
86 creatures vanquished.

Vanquished Creatures (others)
  2 alligators
  A slime creature (Swamp:4)
  A tarantella (Spider:1)
  A swamp dragon zombie (Swamp:4)
  A mummy (Ossuary)
  An orc (Elf:1)
  A gnoll skeleton (Ossuary)
  A goblin skeleton (Ossuary)
  3 goblin zombies (Ossuary)
  A hobgoblin skeleton (Ossuary)
  2 hobgoblin zombies (Ossuary)
  3 kobold zombies (Ossuary)
  An orc skeleton (Ossuary)
  An orc zombie (Ossuary)
  A rat zombie (Ossuary)
  A fire vortex (D:14)
  12 fungi
  15 plants
49 creatures vanquished.

Grand Total: 1596 creatures vanquished

Notes
Turn   | Place    | Note
-------+----------+-------------------------------------------
     0 | D:1      | iamserjio the Octopode Wanderer began the quest for the
                  | Orb.
     0 | D:1      | iamserjio set off with the following items: 2 throwing nets
                  | {!f}, a scroll of teleportation, a potion of curing {@q1},
                  | a +0 club, a +0 dagger, a ration
     0 | D:1      | Reached XP level 1. HP: 13/13 MP: 1/1
    16 | D:1      | Upgraded the game from 0.23-a0-536-g5e0f5a2 to
                  | 0.23-a0-539-g3f6f39f
   149 | D:1      | Reached XP level 2. HP: 16/18 MP: 2/2
   526 | D:1      | Reached XP level 3. HP: 22/23 MP: 3/3
  1508 | D:2      | Found a faded altar of an unknown god.
  1550 | D:2      | Reached XP level 4. HP: 24/29 MP: 4/4
  1686 | D:2      | Noticed Robin
  1706 | D:2      | Killed Robin
  2646 | D:3      | Reached XP level 5. HP: 26/35 MP: 5/5
  3255 | D:3      | Reached skill level 5 in Dodging
  3476 | D:3      | You fall through a shaft!
  3477 | D:4      | Noticed Eustachio
  3492 | D:4      | Killed Eustachio
  3492 | D:4      | Reached skill level 5 in Stealth
  3492 | D:4      | Reached XP level 6. HP: 34/42 MP: 6/6
  3905 | D:4      | Reached XP level 7. HP: 46/46 MP: 7/7
  3948 | D:4      | Found a hide-covered altar of Uskayaw.
  3961 | D:4      | Found a shimmering altar of Xom.
  4342 | D:3      | Noticed Sigmund
  4351 | D:3      | Killed Sigmund
  4651 | D:5      | Entered Level 5 of the Dungeon
  4928 | D:5      | Found a glowing golden altar of the Shining One.
  5189 | D:5      | Found a sparkling altar of Nemelex Xobeh.
  5194 | D:5      | Reached XP level 8. HP: 35/54 MP: 8/8
  5476 | D:5      | Reached skill level 1 in Evocations
  5683 | D:5      | Found a glowing silver altar of Zin.
  5686 | D:5      | Noticed Edmund
  5703 | D:5      | Killed Edmund
  5703 | D:5      | Reached skill level 5 in Long Blades
  5798 | D:5      | Found a sparkling altar of Nemelex Xobeh.
  5806 | D:5      | Found a white marble altar of Elyvilon.
  5806 | D:5      | Found a shattered altar of Ashenzari.
  5818 | D:5      | Found a burning altar of Makhleb.
  5834 | D:5      | Became a worshipper of Makhleb the Destroyer
  6559 | D:6      | Reached XP level 9. HP: 59/59 MP: 10/10
  6585 | D:6      | Found a staircase to the Ecumenical Temple.
  6865 | D:6      | Found a blossoming altar of Fedhas.
  6865 | D:6      | Found a hazy altar of Hepliaklqana.
  6933 | D:6      | Reached skill level 5 in Fighting
  6939 | D:6      | Reached * piety under Makhleb
  8019 | D:7      | Found a runed door.
  8023 | D:7      | Noticed Crazy Yiuf
  8028 | D:7      | Killed Crazy Yiuf
  8079 | D:7      | Reached ** piety under Makhleb
  8577 | D:7      | Got a brightly glowing mace
  8580 | D:7      | Got an ancient mace
  8585 | D:7      | Got a slimy mace
  8586 | D:7      | Identified the +8 mace of the Ecumenical Temple {drain,
                  | Dex+5} (You found it on level 7 of the Dungeon)
  8587 | D:7      | Identified the +9 mace "Tahysmoj" {antimagic, Str+3 Int+2}
                  | (You found it on level 7 of the Dungeon)
  8588 | D:7      | Identified the +9 mace of Action {crush, Dex+4 Stlth-} (You
                  | found it on level 7 of the Dungeon)
  8735 | D:8      | Noticed Harold
  8825 | D:8      | Found a sand-covered staircase.
  8831 | Ossuary  | Entered an ossuary
  9053 | Ossuary  | Reached *** piety under Makhleb
  9155 | Ossuary  | Noticed Menkaure
  9167 | Ossuary  | Killed Menkaure
  9286 | D:8      | Reached skill level 1 in Invocations
  9297 | D:8      | Reached XP level 10. HP: 54/68 MP: 11/11
 10089 | D:8      | Reached skill level 10 in Long Blades
 10219 | D:8      | Learned a level 1 spell: Animate Skeleton
 10221 | D:8      | Learned a level 1 spell: Apportation
 10223 | D:8      | Learned a level 1 spell: Confusing Touch
 10224 | D:8      | Found a staircase to the Lair.
 10591 | D:9      | Reached **** piety under Makhleb
 10602 | D:9      | Found a white marble altar of Elyvilon.
 10670 | D:9      | Reached skill level 1 in Necromancy
 10815 | D:9      | Reached skill level 1 in Spellcasting
 11067 | D:9      | Noticed Erica
 11073 | D:9      | Killed Erica
 11342 | D:9      | Noticed a purple ugly thing
 11355 | D:9      | Killed a purple ugly thing
 11355 | D:9      | Reached skill level 10 in Dodging
 11355 | D:9      | Reached XP level 11. HP: 74/74 MP: 12/14
 11668 | D:9      | Noticed a two-headed ogre
 11689 | D:9      | Killed a two-headed ogre
 11689 | D:9      | Reached skill level 10 in Stealth
 11847 | D:10     | Entered Level 10 of the Dungeon
 11910 | D:10     | Reached ***** piety under Makhleb
 12781 | D:11     | Got a clouded brass ring
 13137 | D:11     | Found a flickering gateway to a bazaar.
 13146 | Bazaar   | Entered a bazaar
 13147 | Bazaar   | Found Wudwust's Assorted Antiques.
 13153 | Bazaar   | Found Vodul's General Store.
 13159 | Bazaar   | Found Jatzogg's General Store.
 13188 | Bazaar   | Found Uvidabya's Gadget Shoppe.
 13189 | Bazaar   | Found Bunal's Armour Emporium.
 13226 | Bazaar   | Bought a scroll labeled KOFOTI IKHANGAOT for 23 gold pieces
 13226 | Bazaar   | Bought a bronze ring for 115 gold pieces
 13226 | Bazaar   | Bought a scroll labeled VIYMAF MECHI for 23 gold pieces
 13226 | Bazaar   | Bought a fluorescent wand for 92 gold pieces
 13363 | Bazaar   | Bought a +4 ring of strength for 270 gold pieces
 13363 | Bazaar   | Bought a scroll of enchant weapon for 75 gold pieces
 13369 | Bazaar   | Bought a sack of spiders for 160 gold pieces
 13395 | Bazaar   | Bought a wand of disintegration (13) for 255 gold pieces
 13395 | Bazaar   | Bought a wand of paralysis (7) for 135 gold pieces
 13395 | Bazaar   | Bought a wand of clouds (7) for 495 gold pieces
 13395 | Bazaar   | Bought a wand of iceblast (10) for 210 gold pieces
 13395 | Bazaar   | Bought a wand of acid (9) for 390 gold pieces
 13395 | Bazaar   | Identified the ring of Omexay {rCorr rPois rF+ Dex+3} (You
                  | found it on level 11 of the Dungeon)
 13729 | D:12     | Identified the Almanac of Good Luck and Conjuration
 13734 | D:12     | Learned a level 2 spell: Song of Slaying
 13764 | D:12     | Noticed a brown ugly thing
 13772 | D:12     | Killed a brown ugly thing
 14046 | D:12     | Found a runed gate.
 14046 | D:12     | Found a runed gate.
 14049 | D:12     | Found a runed gate.
 14054 | D:12     | Noticed Jaybu's ghost (journeyman MiFi)
 14119 | D:12     | Reached skill level 1 in Charms
 14154 | D:12     | Noticed a two-headed ogre
 14161 | D:12     | Killed a two-headed ogre
 14161 | D:12     | Reached skill level 5 in Invocations
 14340 | D:12     | Noticed a cyclops
 14694 | D:12     | Found a staircase to the Orcish Mines.
 14764 | D:12     | Learned a level 1 spell: Summon Small Mammal
 14910 | D:8      | Killed Harold
 14910 | D:8      | Reached XP level 12. HP: 41/81 MP: 17/17
 15216 | Lair:1   | Entered Level 1 of the Lair of Beasts
 15239 | Lair:1   | Reached skill level 1 in Summonings
 16428 | Lair:2   | Found a shadowy altar of Dithmenos.
 16494 | Lair:2   | Found a staircase to the Swamp.
 17305 | Lair:3   | Noticed a seven-headed hydra
 17379 | Lair:3   | Killed a four-headed hydra
 17456 | Lair:3   | Reached ****** piety under Makhleb
 17547 | Lair:3   | Reached XP level 13. HP: 65/89 MP: 19/19
 17764 | Lair:3   | Reached skill level 5 in Evocations
 17997 | Lair:3   | Learned a level 2 spell: Passwall
 18001 | Lair:3   | Learned a level 3 spell: Stone Arrow
 18051 | Lair:4   | Found a hole to the Spider Nest.
 18126 | Lair:4   | Found a frozen archway.
 18145 | Lair:4   | Reached skill level 1 in Transmutations
 18145 | Lair:4   | Reached skill level 1 in Earth Magic
 18163 | IceCv    | Entered an ice cave
 18402 | IceCv    | Learned a level 5 spell: Lee's Rapid Deconstruction
 18912 | IceCv    | Noticed an ice dragon
 18912 | IceCv    | Noticed an ice dragon
 18920 | IceCv    | Killed an ice dragon
 18923 | IceCv    | Killed an ice dragon
 18928 | IceCv    | Got a vibrating bone ring
 18988 | IceCv    | Identified the ring of Qell {rF+ rC- rN+ EV+3} (You found
                  | it in an ice cave)
 19999 | Lair:5   | Found a staircase to the Slime Pits.
 20657 | Lair:6   | Entered Level 6 of the Lair of Beasts
 20692 | Lair:6   | Reached XP level 14. HP: 97/97 MP: 17/20
 20768 | Lair:6   | Reached skill level 1 in Shields
 21037 | Lair:6   | Reached skill level 10 in Fighting
 21180 | Lair:6   | Reached XP level 15. HP: 104/104 MP: 19/21
 22883 | D:14     | Reached skill level 5 in Shields
 23134 | D:14     | Found a glowing silver altar of Zin.
 23135 | D:14     | Noticed an angel
 23453 | D:14     | Found a gate to the Vaults.
 23649 | D:15     | Entered Level 15 of the Dungeon
 23701 | D:15     | Found a sacrificial altar of Ru.
 23768 | D:15     | Reached XP level 16. HP: 63/112 MP: 11/23
 23997 | D:15     | Found a staircase to the Depths.
 24558 | D:15     | Reached skill level 10 in Evocations
 24762 | Orc:1    | Entered Level 1 of the Orcish Mines
 24862 | Orc:2    | Entered Level 2 of the Orcish Mines
 24947 | Orc:2    | Found a roughly hewn altar of Beogh.
 24948 | Orc:2    | Found Izxaetan's Food Shop.
 25248 | Orc:2    | Found a staircase to the Elven Halls.
 25344 | Orc:2    | Noticed Erolcha
 25353 | Orc:2    | Killed Erolcha
 25366 | Orc:2    | Found a roughly hewn altar of Beogh.
 25650 | Orc:2    | Found a roughly hewn altar of Beogh.
 25922 | Orc:2    | Found Ible Wil's Antique Armour Shoppe.
 25922 | Orc:2    | Found a roughly hewn altar of Beogh.
 25925 | Orc:2    | Found Qyirizoq's Antique Weapon Emporium.
 26101 | Orc:2    | Found a roughly hewn altar of Beogh.
 26101 | Orc:2    | Found Etaschan's Jewellery Shoppe.
 26214 | Orc:2    | Found a roughly hewn altar of Beogh.
 26295 | Orc:1    | Found a burning altar of Makhleb.
 26955 | Orc:2    | Bought an iridescent dagger for 140 gold pieces
 26957 | Orc:2    | Identified the +4 dagger "Plog" {venom, Stlth+} (You bought
                  | it in a shop on level 2 of the Orcish Mines)
 27016 | Orc:2    | Bought a +3 ring of protection for 315 gold pieces
 27016 | Orc:2    | Bought an uncursed ring of resist corrosion for 300 gold
                  | pieces
 27259 | Lair:2   | Learned a level 2 spell: Blink
 27269 | Swamp:1  | Entered Level 1 of the Swamp
 27286 | Swamp:1  | Reached skill level 1 in Translocations
 27390 | Swamp:1  | Reached skill level 5 in Spellcasting
 28033 | Swamp:2  | Reached skill level 15 in Dodging
 28069 | Swamp:2  | Noticed Kirke
 28091 | Swamp:2  | Reached XP level 17. HP: 111/121 MP: 18/25
 28102 | Swamp:2  | Killed Kirke
 30925 | Swamp:4  | Entered Level 4 of the Swamp
 30952 | Swamp:3  | Reached skill level 10 in Shields
 32236 | Swamp:4  | Noticed a bone dragon
 32681 | Swamp:4  | Killed a bone dragon
 32681 | Swamp:4  | Reached XP level 18. HP: 91/128 MP: 16/27
 32734 | Swamp:4  | Got a decaying rune of Zot
 33386 | Spider:1 | Entered Level 1 of the Spider Nest
 34224 | Spider:2 | Learned a level 4 spell: Animate Dead
 34230 | Spider:2 | Learned a level 5 spell: Borgnjor's Vile Clutch
 35010 | Spider:3 | Noticed Arachne
 35392 | Spider:3 | Killed Arachne
 35706 | Spider:3 | Found a runed gate.
 35707 | Spider:3 | Found a runed gate.
 35707 | Spider:3 | Found a runed gate.
 35707 | Spider:3 | Noticed Lihy's ghost (adept MiFi)
 35766 | Spider:3 | Killed Lihy's ghost
 35875 | Spider:4 | Entered Level 4 of the Spider Nest
 35983 | Spider:4 | Reached skill level 5 in Necromancy
 36759 | Spider:4 | Reached XP level 19. HP: 91/137 MP: 13/29
 37918 | Spider:4 | Got a gossamer rune of Zot
 38295 | D:12     | Killed Jaybu's ghost
 38482 | Elf:1    | Entered Level 1 of the Elven Halls
 38537 | Elf:1    | Noticed Azrael
 38615 | Elf:1    | Killed Azrael
 38615 | Elf:1    | Reached skill level 5 in Earth Magic
 38709 | Elf:1    | Identified the +5 plate armour of Follow the Leader {Str+3}
 38724 | Elf:1    | Noticed a Tzitzimitl
 38724 | Elf:1    | Noticed an Ice Fiend
 38727 | Elf:1    | Noticed a Tzitzimitl
 39348 | Elf:1    | Noticed a Brimstone Fiend
 39581 | Elf:1    | Found Utticw's General Store.
 39867 | Elf:1    | Bought a scroll of blinking for 127 gold pieces
 40725 | Elf:2    | Reached skill level 15 in Fighting
 41179 | Elf:2    | Found a runed gate.
 41179 | Elf:2    | Found a runed gate.
 41179 | Elf:2    | Found a runed gate.
 41218 | Elf:2    | Identified the Handbook of Confrontation
 41297 | Elf:3    | Entered Level 3 of the Elven Halls
 41799 | Elf:3    | Reached XP level 20. HP: 145/145 MP: 32/32
 41837 | Elf:3    | Cast into level 2 of the Abyss (a deep elf sorcerer)
 41837 | Abyss:2  | Found a corrupted altar of Lugonu.
 42003 | Elf:3    | Escaped the Abyss
 42601 | Elf:3    | Noticed a Brimstone Fiend
 42802 | Elf:3    | Identified the +8 hand axe of Ravage {elec, rN+ MR++ Str-4
                  | SInv}
 42821 | Elf:3    | Identified the +8 war axe of the Purple Skies {antimagic,
                  | Str+4 Int+3 SInv}
 42884 | Elf:3    | Identified the Grimoire of Ignition and Talismans
 42928 | Elf:3    | Learned a level 6 spell: Deflect Missiles
 43425 | Elf:2    | Reached skill level 1 in Air Magic
 44064 | Elf:2    | Learned a level 5 spell: Silence
 44521 | Spider:1 | Learned a level 6 spell: Shadow Creatures
 44810 | Vaults:1 | Entered Level 1 of the Vaults
 45274 | Vaults:1 | Reached skill level 1 in Hexes
 46144 | Vaults:2 | Noticed Xtahua
 46148 | Vaults:2 | Noticed a lich
 46172 | Vaults:2 | Reached XP level 21. HP: 116/153 MP: 26/33
 46490 | Vaults:2 | Reached skill level 5 in Air Magic
 46495 | Vaults:2 | Reached skill level 5 in Charms
 46509 | Vaults:2 | Paralysed by Xtahua for 6 turns
 46513 | Vaults:2 | HP: 2/153 [Xtahua (19)]
 46513 | Vaults:2 | Slain by Xtahua

Vault maps used:
D:1:      kennysheep_arrival_seaside
D:2:      chequers_ecumenical_altar_simple_redux, serial_co_window_serial,
          co_window_corner_a, co_window_paths_b, co_window_corner_a,
          co_window_paths_a, co_window_paths_a, co_window_corner_a,
          co_window_of_opportunity_b, co_window_cross_4, co_window_broadway_b,
          co_window_2corner, co_window_paths_d, co_window_paths_e,
          glass_columns_b, glass_columns_a, first_ration,
          minmay_misc_feat_plants, minmay_heptomino_d4, uniq_robin
D:3:      minmay_misc_feat_columns, uniq_sigmund
D:4:      minitemple, uniq_eustachio
D:5:      minmay_overflow_temple_star_hex, hangedman_feature_mirror,
          minmay_manual_moon, uniq_edmund
D:6:      gammafunk_temple_overflow_wave, minmay_temple_entry_mist
D:7:      chequers_serial_rivers_room_b, uniq_crazy_yiuf_cottage
D:8:      erik_lair_dragon, enter_ossuary_1, uniq_harold
D:9:      basic_altar, uniq_erica
D:10:     serial_glass, glass_columns_a, glass_columns_c, glass_columns_b,
          glass_columns_b, glass_columns_b, glass_columns_a, grunt_pizzeria,
          chequers_serial_rivers_micro_e
D:11:     serial_shops, bzr_entry_water, minivault_1
D:12:     orc_0_dummy, gammafunk_ghost_spectres
D:14:     skrybe_vaults_entry_preservation, zin_angel, hangedman_incinerator
D:15:     hangedman_depths_entry_try_elsewhere_first, hangedman_ru_absence
Lair:1:   grunt_forest_large_clearings
Lair:2:   minmay_lair_oklob_tunnel, skrybe_swamp_entry_bodies,
          lemuel_oklob_altar
Lair:3:   lemuel_fruit_fields
Lair:4:   spider_nest_entry_web_field, portal_ice_cave_entry_ice_beasts,
          ldierk_geyser, lemuel_another_geyser
Lair:5:   minmay_slime_entry_pillars
Lair:6:   gammafunk_lair_ancient_temple, pond, serial_bayou_shore_a
Swamp:1:  serial_swamp_ruin, evilmike_swamp_ruin_wall,
          evilmike_swamp_ruin_house_3
Swamp:2:  cheibrodos_swamp_mausoleum, hangedman_swamp_ruin_wall, swamp_pool2,
          uniq_kirke
Swamp:3:  evilmike_swamp_ruin_house_1
Swamp:4:  swamp_pestilence
Spider:3: ebering_ghost_rock_garden, uniq_arachne
Spider:4: guppyfry_spider_rune
Orc:1:    basic_altar, hangedman_minor_magic
Orc:2:    grunt_orc_community_town_hall, grunt_orc_community_big_house_1,
          grunt_orc_community_big_house_1, grunt_orc_community_house_2,
          grunt_orc_community_house_3, grunt_orc_community_house_3,
          grunt_orc_community_house_3, uniq_erolcha
Elf:1:    serial_shops, nicolae_shop_behind_doors, orc_legates, uniq_azrael
Elf:2:    minmay_elf_sorcery
Elf:3:    minmay_elf_hall_dome
Vaults:1: vaults_dpeg_encased_lava, v_misc_1, nicolae_vaults_rhombus_6,
          v_misc_13, hangedman_vaults_stitches, hangedman_vaults_river_flow,
          hangedman_vaults_capsules, grunt_vaults_funnel, v_misc_17,
          serial_ice_g
Vaults:2: v_alt_pattern_4, nicolae_vaults_alarming,
          minmay_crypt_entry_nasty_monster, hangedman_vaults_nodes,
          v_alt_pattern_6, hangedman_vaults_snaps, ontoclasm_vaults_spin,
          v_pattern_2, ontoclasm_vaults_decontamination, vaults_room_pools,
          uniq_xtahua
Bazaar:   bazaar_kb_twisted_cavern
Ossuary:  ossuary_due_pyramid
IceCv:    ice_cave_small_dragons

Skill      XL: |  1  2  3  4  5  6  7  8  9 10 11 12 13 14 15 16 17 18 19 20 21 |
---------------+----------------------------------------------------------------+-----
Fighting       | 2 3 4 5 6 7 8 9 10 11 12 13 14 15 16 | 16.0
Dodging        | 4 5 6 7 9 10 11 12 13 14 15 16 | 16.8
Stealth        | 5 6 7 8 9 10 12 13 14 | 14.1
Long Blades    | 4 6 9 11 12 13 | 13.9
Evocations     | 2 4 6 8 9 10 11 12 | 12.0
Invocations    | 1 3 5 |  5.0
Necromancy     | 2 6 8 |  8.0
Spellcasting   | 2 3 4 5 6 7 8 |  8.5
Charms         | 1 3 4 5 |  5.0
Summonings     | 1 |  1.0
Transmutations | 1 |  1.0
Earth Magic    | 1 4 8 9 |  9.0
Shields        | 3 5 8 10 12 13 14 | 14.1
Translocations | 2 3 |  3.1
Air Magic      | 4 5 |  5.2
Hexes          | 3 4 |  4.2
Short Blades   | |  1.4

Action                   |  1- 3 |  4- 6 |  7- 9 | 10-12 | 13-15 | 16-18 | 19-21 || total
-------------------------+-------+-------+-------+-------+-------+-------+-------++-------
Melee: Club              |    56 |       |       |       |       |       |       ||    56
       Constrict         |    22 |    27 |    82 |    83 |    64 |   267 |   174 ||   719
       Tentacles         |    15 |    22 |    75 |   124 |   201 |   599 |   375 ||  1411
       Short sword       |    26 |    96 |       |       |       |       |       ||   122
       Falchion          |       |     3 |   108 |       |       |       |       ||   111
       Dagger            |       |       |     3 |    20 |     6 |     7 |     2 ||    38
       Long sword        |       |       |   180 |    90 |       |       |       ||   270
       Scimitar          |       |       |       |   316 |   549 |  1410 |   994 ||  3269
 Fire: Hunting sling     |       |       |    39 |       |       |       |       ||    39
Throw: Tomahawk          |       |       |     7 |       |       |       |       ||     7
 Cast: Animate Skeleton  |       |       |       |    40 |    65 |    26 |     1 ||   132
       Animate Dead      |       |       |       |       |       |     3 |     3 ||     6
       Apportation       |       |       |       |       |       |     1 |       ||     1
       Blink             |       |       |       |       |       |     1 |       ||     1
       Song of Slaying   |       |       |       |       |       |       |     2 ||     2
       Borgnjor's Vile C |       |       |       |       |       |       |     5 ||     5
Invok: Lesser Servant of |       |       |       |       |       |    19 |    10 ||    29
Evoke: Wand              |       |     1 |       |     1 |     7 |    25 |    22 ||    56
       Phial of floods   |       |       |       |     1 |       |     2 |       ||     3
       Sack of spiders   |       |       |       |       |       |       |     1 ||     1
  Use: Scroll            |     1 |     4 |     3 |    14 |    13 |    12 |    10 ||    57
       Potion            |       |     2 |     2 |       |     6 |    11 |     7 ||    28
 Stab: Sleeping          |     9 |     5 |    15 |    42 |    29 |    66 |    33 ||   199
       Distracted        |       |       |     1 |     4 |     5 |    13 |    12 ||    35
       Invisible         |       |       |       |       |     2 |       |       ||     2
       Paralysed         |       |       |       |       |     2 |    13 |       ||    15
       Held in net/web   |       |       |       |       |       |     1 |       ||     1
  Eat: Chunk             |     2 |     7 |    15 |    23 |    12 |    22 |    19 ||   100
       Ration            |       |       |     1 |     1 |     2 |     7 |     4 ||    15
Armor: Skin              |    13 |     5 |     5 |     9 |    22 |    69 |    31 ||   154
Dodge: Dodged            |    73 |    51 |   254 |   298 |   460 |  1227 |   720 ||  3083
Block: Buckler           |       |       |       |       |    23 |   424 |   251 ||   698
       Rpst.: Falchion   |       |     1 |    23 |       |       |       |       ||    24
       Long sword        |       |       |    42 |     8 |       |       |       ||    50
       Scimitar          |       |       |       |    72 |   119 |   273 |   151 ||   615

Table legend:
 A = Non-vault XP
 B = Vault XP
 C = Vault XP percentage of total XP
 D = Non-vault monster count
 E = Vault monster count
 F = Vault count percentage of total count
                 A         B        C        D         E       F
            +---------+---------+-------+---------+---------+-------
      Total |  271083 |  205263 |  43.1 |     987 |     534 |  35.1
            +---------+---------+-------+---------+---------+-------
        D:1 |      42 |       0 |   0.0 |      22 |       0 |   0.0
        D:2 |      60 |      45 |  42.9 |      19 |      14 |  42.4
        D:3 |     157 |     212 |  57.5 |      15 |       1 |   6.2
        D:4 |     178 |     188 |  51.4 |       9 |       1 |  10.0
        D:5 |     680 |     309 |  31.2 |      27 |       5 |  15.6
        D:6 |    1079 |       0 |   0.0 |      31 |       0 |   0.0
        D:7 |    1045 |      40 |   3.7 |      36 |       1 |   2.7
        D:8 |    1347 |    1999 |  59.7 |      25 |       6 |  19.4
        D:9 |    3227 |     929 |  22.4 |      36 |       1 |   2.7
       D:10 |    1579 |     130 |   7.6 |      20 |       1 |   4.8
       D:11 |    1102 |       0 |   0.0 |       8 |       0 |   0.0
       D:12 |    4440 |    3310 |  42.7 |      29 |       9 |  23.7
       D:13 |    6448 |       0 |   0.0 |      26 |       0 |   0.0
       D:14 |    5746 |    4385 |  43.3 |      19 |      16 |  45.7
       D:15 |   12829 |    2817 |  18.0 |      32 |       4 |  11.1
     Lair:1 |    3498 |    4266 |  54.9 |      12 |      39 |  76.5
     Lair:2 |     266 |    3110 |  92.1 |       1 |       7 |  87.5
     Lair:3 |    3327 |       0 |   0.0 |      19 |       0 |   0.0
     Lair:4 |    6245 |     982 |  13.6 |      29 |       8 |  21.6
     Lair:5 |    6163 |     982 |  13.7 |      29 |       4 |  12.1
     Lair:6 |   10287 |    8986 |  46.6 |      42 |      28 |  40.0
    Swamp:1 |   11063 |       0 |   0.0 |      27 |       0 |   0.0
    Swamp:2 |    5515 |   14253 |  72.1 |      21 |      40 |  65.6
    Swamp:3 |   24004 |       0 |   0.0 |      49 |       0 |   0.0
    Swamp:4 |   13853 |   12528 |  47.5 |      34 |      40 |  54.1
   Spider:1 |   15178 |       0 |   0.0 |      45 |       0 |   0.0
   Spider:2 |    9599 |       0 |   0.0 |      23 |       0 |   0.0
   Spider:3 |   16394 |    7299 |  30.8 |      41 |       4 |   8.9
   Spider:4 |   15040 |   20926 |  58.2 |      49 |      37 |  43.0
      Orc:1 |    8519 |    1486 |  14.9 |      37 |      17 |  31.5
      Orc:2 |    4046 |    8851 |  68.6 |      42 |      66 |  61.1
      Elf:1 |   15813 |   14205 |  47.3 |      22 |      33 |  60.0
      Elf:2 |   16439 |   26762 |  61.9 |      23 |      36 |  61.0
      Elf:3 |   14195 |   41066 |  74.3 |      22 |      27 |  55.1
   Vaults:1 |    9513 |    8036 |  45.8 |      20 |      15 |  42.9
   Vaults:2 |   21958 |   11607 |  34.6 |      45 |      18 |  28.6
    Abyss:2 |     209 |       0 |   0.0 |       1 |       0 |   0.0
    Ossuary |       0 |     117 | 100.0 |       0 |      36 | 100.0
      IceCv |       0 |    5437 | 100.0 |       0 |      20 | 100.0
            +---------+---------+-------+---------+---------+-------
